 Dungeon Crawl Stone Soup version 0.25-a0-663-gace7076f2c (webtiles) character file.

Game seed: 8982503288989375513, levelgen mode: deterministic

34 CryoSword the Skirmisher (level 3, -4/40 HPs)
             Began as an Ogre Chaos Knight on Mar 25, 2020.
             Was a Plaything of Xom.
             Shot with an arrow by a centaur (9 damage)
             ... on level 2 of the Dungeon.
             The game lasted 00:02:49 (1165 turns).

CryoSword the Skirmisher (Ogre Chaos Knight)        Turns: 1165, Time: 00:02:50

Health: -4/40      AC:  7    Str: 16    XL:     3   Next: 31%
Magic:  3/3        EV: 10    Int: 11    God:    Xom [*.....]
Gold:   77         SH:  0    Dex:  9    Spells: 2/2 levels left

rFire    . . .     SeeInvis .   a - +0 mace (chaos)
rCold    . . .     Gourm    .   (no shield)
rNeg     . . .     Faith    .   b - +2 robe
rPois    .         Spirit   .   (helmet restricted)
rElec    .         Reflect  .   (no cloak)
rCorr    .         Harm     .   (gloves unavailable)
MR       .....                  (boots unavailable)
Stlth    +.........             (no amulet)
HPRegen  0.13/turn              j - +4 ring of slaying
MPRegen  0.08/turn              (no ring)

@: no status effects
A: large, unfitting armour, slimy green scales 1, blurry vision 1, dopey 1,
tough skin 1
a: Renounce Religion


You were on level 2 of the Dungeon.
You worshipped Xom.
You were a special plaything of Xom.
You were not hungry.

You visited 1 branch of the dungeon, and saw 2 of its levels.

You collected 77 gold pieces.

Inventory:

Hand Weapons
 a - a +0 mace of chaos (weapon)
Missiles
 e - 16 stones (quivered)
 h - 3 atropa-tipped darts
Armour
 b - a +2 robe (worn)
Jewellery
 j - a +4 ring of slaying (left hand)
   (You took it off a kobold on level 1 of the Dungeon)
Scrolls
 d - a scroll of identify {@r1}
 k - a scroll of fear {unknown}
 l - a scroll of remove curse {unknown}
 n - a scroll of random uselessness {unknown}
Potions
 g - 2 potions of curing {@q1}
 i - a potion of ambrosia
 m - a potion of heal wounds {unknown}
Comestibles
 c - 6 rations {!d}
 f - 4 chunks of flesh


   Skills:
 + Level 4.4 Fighting
 * Level 3.3 Maces & Flails
 + Level 2.5 Dodging


You had 2 spell levels left.
You didn't know any spells.
Your spell library was empty.

Dungeon Overview and Level Annotations

Branches:
Dungeon (2/15)

Altars:


Innate Abilities, Weirdness & Mutations

You are too large for most types of armour.
You have tough skin. (AC +1)
You are partially covered in slimy green scales. (AC +2)
Scrolls take you a little longer to read.
You are dopey. (Int -2)


Message History

You climb downwards.
There is a stone staircase leading up here.
You begin reading the scroll.
You continue reading the scroll.
As you read the scroll labeled XAUSUC CIN, it crumbles to dust.
It is a scroll of identify.
g - 2 potions of curing You begin reading the scroll.
You continue reading the scroll.
As you read the scroll of identify {@r1}, it crumbles to dust.
i - a potion of ambrosia
There is a stone staircase leading up here.
As you open the door, it creaks loudly!
Found a robe and an inky potion.
There is an open door here.
m - an inky potion
n - a scroll labeled REYPSIEGIK As you open the door, it creaks loudly!
There is an open door here. "Let me alter your body."
Your body is suffused with distortional energy.
You feel weaker.
Found a mace.
You see here a mace.
All of the chunks of flesh in your inventory have rotted away.
A jackal comes into view.
A jackal is nearby!
A jackal is nearby!
The jackal barely misses you.
You sock the jackal!
You kill the jackal!
No target in view!
No target in view!
You butcher the jackal corpse.
f - a chunk of flesh You see here a jackal skeleton. x2
A jackal comes into view.
A jackal is nearby!
A jackal is nearby!
A jackal comes into view.
The jackal barks!
The jackal moves out of view.
Found 27 arrows.
The jackal barks!
You hit the jackal.
The jackal appears confused.
The jackal is heavily wounded.
You hit the jackal. You freeze the jackal.
You kill the jackal!
The jackal barely misses you.
A hobgoblin comes into view. It is wielding a -1 club.
A kobold comes into view. It is wielding a +1 dagger of venom.
The jackal bites you.
The kobold shouts!
The hobgoblin shouts!
You sock the jackal! You burn the jackal.
You kill the jackal!
You see here a jackal corpse.
You see here a jackal skeleton.
Throwing (i - inventory. (/) - cycle)
e - 16 stones (quivered)
Press: ? - help, Shift-Dir - straight line, f - kobold
Aim: a kobold, wielding a +1 dagger of venom You throw a stone.
The stone hits the kobold.
The kobold is severely wounded.
You barely miss the kobold.
The kobold is severely wounded.
The kobold hits you but does no damage.
You are poisoned.
You closely miss the kobold.
The kobold is severely wounded.
You feel sick. The kobold barely misses you.
You closely miss the kobold.
The kobold is moderately wounded.
You feel sick. The kobold hits you but does no damage. The kobold misses you.
You sock the kobold! You burn the kobold.
You kill the kobold!
You feel sick.
You hit the hobgoblin.
The hobgoblin is severely wounded.
The hobgoblin disappears!
You are feeling hungry.
You feel sick.
You feel sick.
Things that are here:
a +1 dagger of venom; a kobold corpse
e - 16 stones (gained 1)
You feel sick.
Things that are here:
a +1 dagger of venom; a kobold corpse You see here a jackal skeleton.
You feel sick.
You see here a jackal skeleton.
You feel sick.
Things that are here:
a +1 dagger of venom; a kobold corpse You feel sick.
You see here a jackal corpse.
You butcher the jackal corpse.
f - 4 chunks of flesh (gained 3)
You see here a jackal skeleton.
You see here a jackal corpse.
You butcher the jackal corpse.
You feel sick.
f - 5 chunks of flesh (gained 1)
You see here a jackal skeleton.
You feel sick.
Things that are here:
a +1 dagger of venom; a kobold corpse You see here a jackal skeleton.
Eating one of 5 chunks of flesh.
You eat one of the 5 chunks of flesh.
This raw flesh tastes terrible.
You feel sick.
You are no longer poisoned.
Okay, then.
You start resting.
HP restored.
You see here a jackal skeleton.
Things that are here:
a +1 dagger of venom; a kobold corpse You see here a jackal skeleton.
Found 14 arrows.
You now have 77 gold pieces (gained 10).
A centaur comes into view.
Found an escape hatch in the ceiling.
You see here an emerald potion.
A centaur is nearby!
A centaur is nearby!
A centaur is nearby!
The centaur shouts!
The centaur wields a +0 shortbow.
The centaur shoots an arrow.
The arrow hits you!
The centaur shoots an arrow.
The arrow hits you.
You hear a shout!
You see here 2 arrows.
The centaur shoots an arrow.
The arrow hits you.
You see here an arrow.
The centaur shoots an arrow.
The arrow closely misses you.
You see here an arrow.
Things that are here:
a +1 dagger of venom; a kobold corpse You see here a jackal skeleton.
The centaur shoots an arrow.
The arrow hits you!
* * * LOW HITPOINT WARNING * * *
You see here an arrow.
The centaur shoots an arrow.
The arrow completely misses you.
You see here an arrow.
The centaur shoots an arrow.
The arrow barely misses you.
The centaur shoots an arrow.
The arrow barely misses you.
You see here 2 arrows.
The centaur shoots an arrow.
The arrow hits you!
* * * LOW HITPOINT WARNING * * *
You see here an arrow.
As you open the door, it creaks loudly!
There is an open door here.
The centaur shoots an arrow.
The arrow hits you!
You die...
Xom howls with laughter!

#รท# ##.## #(# #.#
#.# #.# #(# ##'##
###.# ##...## #..(##
##.....## #.##(##
##.......##
#.#..c####.........#
#........'@........+
#.....####....[....#
###..## ##.......##
#.## ##.....## #.#
##...## #.# ##'##
#.# #.# #.# #.# #.#
### ##.##


You could see a centaur.

Vanquished Creatures
  A gnoll (D:1)
  A giant cockroach (D:1)
  3 goblins (D:1)
  2 hobgoblins (D:1)
  3 jackals (D:2)
  4 kobolds
  A ball python (D:1)
  4 bats (D:1)
  2 frilled lizards (D:1)
  3 rats (D:1)
24 creatures vanquished.

Notes
Turn   | Place    | Note
-------+----------+-------------------------------------------
     0 | D:1      | CryoSword the Ogre Chaos Knight began the quest for the
                  | Orb.
     0 | D:1      | Reached XP level 1. HP: 24/24 MP: 1/1
    81 | D:1      | XOM: silly message
    84 | D:1      | XOM: potion effect (brilliance)
   232 | D:1      | Reached XP level 2. HP: 29/32 MP: 2/2
   254 | D:1      | XOM: divination: detect creatures
   324 | D:1      | XOM: polymorph rat -> gnoll
   513 | D:1      | Reached XP level 3. HP: 35/40 MP: 3/3
   568 | D:1      | XOM: 3-stop teleportation journey
   711 | D:1      | XOM: give mutations
   711 | D:1      | Gained mutation: Your muscles are strong. (Str +2) [Xom's
                  | mischief]
   711 | D:1      | Gained mutation: Scrolls take you a little longer to read.
                  | [Xom's mischief]
   711 | D:1      | Gained mutation: You are partially covered in slimy green
                  | scales. (AC +2) [Xom's mischief]
   711 | D:1      | Gained mutation: You are dopey. (Int -2) [Xom's mischief]
   973 | D:2      | XOM: give mutation
   973 | D:2      | Lost mutation: Your muscles are strong. (Str +2) [Xom's
                  | mischief]
  1140 | D:2      | Noticed a centaur
  1165 | D:2      | Shot with an arrow by a centaur

Levels and vault maps discovered:
D:1:      dpeg_arrival_arbitrary_b, layout_loops_ring, minmay_tetromino_s2
D:2:      layout_loops_corners

Skill      XL: |  1 |
---------------+----+-----
Maces & Flails | 3 |  3.3
Fighting       | |  4.4
Dodging        | |  2.5

Action                   || total
-------------------------++-------
Melee: Mace              ||    85
Throw: Stone             ||     1
  Use: Scroll            ||     2
 Stab: Confused          ||     1
  Eat: Chunk             ||     1
Armor: Robe              ||    36
Dodge: Dodged            ||    56

Table legend:
 A = Non-vault XP
 B = Vault XP
 C = Vault XP percentage of total XP
 D = Non-vault monster count
 E = Vault monster count
 F = Vault count percentage of total count
                 A         B        C        D         E       F
            +---------+---------+-------+---------+---------+-------
      Total |      47 |       2 |   4.1 |      22 |       2 |   8.3
            +---------+---------+-------+---------+---------+-------
        D:1 |      40 |       2 |   4.8 |      18 |       2 |  10.0
        D:2 |       7 |       0 |   0.0 |       4 |       0 |   0.0
            +---------+---------+-------+---------+---------+-------
